 Dungeon Crawl Stone Soup version 0.30-a0-1112-gfb780f5df6 (webtiles) character file.

Game seed: 11985965143229010919

84 retardedninja the Firebug (level 4, -4/32 HPs)
             Began as a Gnoll Fire Elementalist on Apr 19, 2023.
             Killed from afar by an orc wizard (7 damage)
             ... with a magic dart
             ... on level 3 of the Dungeon.
             The game lasted 00:03:07 (2490 turns).

retardedninja the Firebug (Gnoll Fire Elementalist) Turns: 2490, Time: 00:03:08

Health: -4/32      AC:  2    Str:  8    XL:     4   Next: 46%
Magic:  8/11       EV: 13    Int: 16    God:
Gold:   137        SH:  0    Dex: 12    Spells: 12/13 levels left

rFire   . . .      SeeInvis .    c - +0 spear
rCold   . . .      Faith    .    (no shield)
rNeg    . . .      Spirit   .    a - +0 robe
rPois   .          Reflect  .    (no helmet)
rElec   .          Rampage  .    (no cloak)
rCorr   .                        (no gloves)
Will    .....                    (no boots)
Stlth   ++                       (no amulet)
HPRegen 0.25/turn                (no ring)
MPRegen 0.12/turn                (no ring)

@: mighty
A: fangs 1, strong nose, distributed training
a: no special abilities


You were on level 3 of the Dungeon.
You visited 1 branch of the dungeon, and saw 3 of its levels.

You collected 137 gold pieces.

Inventory:

Hand Weapons
 c - a +0 spear (weapon)
Armour
 a - a +0 robe (worn)
 r - a +0 pair of boots
Scrolls
 d - a scroll of brand weapon {unknown}
 f - a scroll of blinking {unknown}
 h - 2 scrolls of vulnerability {unknown}
 i - 2 scrolls of noise {unknown}
 j - a scroll of magic mapping {unknown}
 k - 2 scrolls of immolation {unknown}
 p - a scroll of identify {unknown}
Potions
 b - a potion of magic
 e - a potion of might
 g - a potion of attraction {unknown}
 l - a potion of curing {unknown}
 m - a potion of ambrosia {unknown}
 n - a potion of lignification {unknown}
 o - a potion of heal wounds {unknown}
 q - a potion of haste {unknown}


   Skills:
 + Level 1.2 Fighting
 + Level 1.2 Short Blades
 + Level 1.2 Long Blades
 + Level 1.2 Axes
 + Level 1.2 Maces & Flails
 + Level 1.2 Polearms
 + Level 1.2 Staves
 + Level 1.2 Ranged Weapons
 + Level 1.2 Throwing
 + Level 1.2 Armour
 + Level 4.6 Dodging
 + Level 4.3 Stealth
 + Level 1.2 Shields
 + Level 1.2 Unarmed Combat
 + Level 5.1 Spellcasting
 + Level 2.2 Conjurations
 + Level 1.0 Hexes
 + Level 1.0 Summonings
 + Level 1.0 Necromancy
 + Level 1.0 Translocations
 + Level 1.0 Transmutations
 + Level 5.5 Fire Magic
 + Level 1.0 Ice Magic
 + Level 1.0 Air Magic
 + Level 1.0 Earth Magic
 + Level 1.0 Poison Magic
 + Level 1.3 Invocations
 + Level 1.2 Evocations


You had 12 spell levels left.
You knew the following spells:

 Your Spells              Type           Power      Damage    Failure   Level
a - Foxfire               Conj/Fire      64%        2x1d7     3%          1

Your spell library contained the following spells:

 Spells                   Type           Power      Damage    Failure   Level
 Scorch                   Fire           42%        2d6       2%          2
 Inner Flame              Hex/Fire       14%        N/A       12%         3
 Volatile Blastmotes      Fire/Tloc      28%        2d12      12%         3
 Flame Wave               Conj/Fire      16%        2d7       30%         4


Dungeon Overview and Level Annotations

Branches:
Dungeon (3/15)

Altars:

Shops:
D:2 *


Innate Abilities, Weirdness & Mutations

You have very sharp teeth.
Your uncanny sense of smell can sniff out nearby items.
Your experience applies equally to all skills.


Message History

You feel less confused.
You hear some strange, mumbled words.
Something tries to affect you, but you resist.
You are too injured to fight recklessly!
Casting: Foxfire (safe; 3% risk of failure)
Press: ? - help, Q - select action Dir - look around, f - activate You conjure some foxfire!
Something hits you.
The foxfire hits something.
The foxfire hits something but does no damage.
Something hits you.
You hear some strange, mumbled words.
You are confused.
You're too confused to cast spells.
Unknown command.
Unknown command.
You're too confused to cast spells.
A magic dart appears from out of thin air!
The magic dart hits you!
* * * LOW HITPOINT WARNING * * *
You bump into the rock wall.
An orc wizard appears from thin air!
Reactivating autopickup.
You're too confused to cast spells.
Unknown command.
It was a potion of might.
You feel very mighty all of a sudden.
You closely miss the orc wizard.
You bite the orc wizard, but do no damage.
The orc wizard is almost dead.
The orc wizard hits you with a +0 dagger.
* * * LOW HITPOINT WARNING * * *
You closely miss the orc wizard.
The orc wizard is almost dead.
You feel less confused. The orc wizard barely misses you.
You hit the orc wizard but do no damage.
The orc wizard is almost dead.
The orc wizard points at you and mumbles some strange words.
The magic dart hits you!
You die...

#.. .. ##.# .
#..# .# #.#
#..###. #.#
#.#...# #.#
#)##.## #.#
##########.##.##
#.#
.<)...).....o..#
#.#
.#########.##@.#
#.#
##...#..######.#
#..............#
#.......#.####..#
#.........# ##>.#
#.#...#######...#
#.##.##
#....#####
#.##..#
#.#..[.....
#.###.#
#....######


You could see an orc wizard.

Vanquished Creatures
  A howler monkey (D:3)
  An adder (D:2)
  A worm (D:2)
  A dart slug (D:3)
  2 orcs (D:3)
  3 ball pythons (D:1)
  An endoplasm (D:2)
  A goblin (D:1)
  4 hobgoblins (D:1)
  A quokka (D:2)
  4 bats
  9 kobolds
  A rat (D:1)
30 creatures vanquished.

Vanquished Creatures (others)
  162 foxfires
162 creatures vanquished.

Grand Total: 192 creatures vanquished

Notes
Turn   | Place    | Note
-------+----------+-------------------------------------------
     0 | D:1      | retardedninja the Gnoll Fire Elementalist began the quest
                  | for the Orb.
     0 | D:1      | Reached XP level 1. HP: 13/13 MP: 6/6
   367 | D:1      | Reached XP level 2. HP: 19/19 MP: 2/7
  1163 | D:2      | Found Qaet Otaje's Assorted Antiques.
  1435 | D:2      | Reached skill level 5 in Spellcasting
  1435 | D:2      | Reached XP level 3. HP: 25/25 MP: 3/9
  1497 | D:2      | Found Iriclug's Antique Armour Emporium.
  1625 | D:2      | Found a faded altar of an unknown god.
  1647 | D:2      | Reached skill level 1 in Invocations
  2151 | D:3      | Reached skill level 1 in Fighting
  2151 | D:3      | Reached skill level 1 in Short Blades
  2151 | D:3      | Reached skill level 1 in Long Blades
  2151 | D:3      | Reached skill level 1 in Axes
  2151 | D:3      | Reached skill level 1 in Maces & Flails
  2151 | D:3      | Reached skill level 1 in Polearms
  2151 | D:3      | Reached skill level 1 in Staves
  2151 | D:3      | Reached skill level 1 in Ranged Weapons
  2151 | D:3      | Reached skill level 1 in Throwing
  2151 | D:3      | Reached skill level 1 in Armour
  2151 | D:3      | Reached skill level 1 in Shields
  2151 | D:3      | Reached skill level 1 in Unarmed Combat
  2151 | D:3      | Reached skill level 1 in Evocations
  2151 | D:3      | Reached XP level 4. HP: 17/32 MP: 6/11
  2367 | D:3      | Reached skill level 1 in Hexes
  2367 | D:3      | Reached skill level 1 in Summonings
  2367 | D:3      | Reached skill level 1 in Necromancy
  2367 | D:3      | Reached skill level 1 in Translocations
  2367 | D:3      | Reached skill level 1 in Transmutations
  2367 | D:3      | Reached skill level 1 in Ice Magic
  2367 | D:3      | Reached skill level 1 in Air Magic
  2367 | D:3      | Reached skill level 1 in Earth Magic
  2367 | D:3      | Reached skill level 1 in Poison Magic
  2490 | D:3      | Killed from afar by an orc wizard

Illustrated notes

Levels and vault maps discovered:
D:1:      eino_arrival_tree_alley, layout_basic
D:2:      layout_loops_ring, serial_shops, shop, shop,
          nicolae_ecumenical_oubliette
D:3:      layout_loops_ring

Skill      XL: |  1  2  3  4 |
---------------+-------------+-----
Conjurations   | 2 |  2.2
Spellcasting   | 5 |  5.1
Invocations    | 1 |  1.3
Fighting       | 1 |  1.2
Short Blades   | 1 |  1.2
Long Blades    | 1 |  1.2
Axes           | 1 |  1.2
Maces & Flails | 1 |  1.2
Polearms       | 1 |  1.2
Staves         | 1 |  1.2
Ranged Weapons | 1 |  1.2
Throwing       | 1 |  1.2
Armour         | 1 |  1.2
Shields        | 1 |  1.2
Unarmed Combat | 1 |  1.2
Evocations     | 1 |  1.2
Hexes          | 1 |  1.0
Summonings     | 1 |  1.0
Necromancy     | 1 |  1.0
Translocations | 1 |  1.0
Transmutations | 1 |  1.0
Ice Magic      | 1 |  1.0
Air Magic      | 1 |  1.0
Earth Magic    | 1 |  1.0
Poison Magic   | 1 |  1.0
Dodging        | |  4.6
Stealth        | |  4.3
Fire Magic     | |  5.5

Action                     |  1- 3 |  4- 6 || total
---------------------------+-------+-------++-------
  Melee: Spear             |    10 |    21 ||    31
         Bite              |     1 |     3 ||     4
   Cast: Foxfire           |    90 |    28 ||   118
    Use: Potion            |       |     1 ||     1
 Armour: Robe              |       |     2 ||     2
  Dodge: Dodged            |    19 |    10 ||    29

Table legend: (Time is in decaauts)
 A = Elapsed time spent in this place.
 B = Non-inter-level travel time spent in this place.
 C = Inter-level travel time spent in this place.
 D = Time resting spent in this place.
 E = Time spent auto-exploring this place.
 F = Levels seen in this place.
 G = Mean time per level.
                   A        B        C        D        E       F      G
               +--------+--------+--------+--------+--------+-----+--------+
         Total |   2490 |   2424 |     66 |      0 |   2050 |   3 |  830.0 |
       Dungeon |   2490 |   2424 |     66 |      0 |   2050 |   3 |  830.0 |
               +--------+--------+--------+--------+--------+-----+--------+

Top non-repeatable levels by time:
     D:1: 1067 daAuts
     D:2: 1061 daAuts
     D:3: 362 daAuts
